IL
LAS VEGAS 51S @ LEHIGH VALLEY IRONPIGS
05/17/2049
 
TOP OF THE 1ST
Las Vegas 51s batting - Pitching for Lehigh Valley IronPigs : RHP Alex Florez
Pitching: RHP Alex Florez
Batting: RHB Billy Walker 0-0: Ground out 6-3 (Groundball, 6, EV 89.4 MPH)
Batting: RHB Mike Phillips 0-0: Foul Ball, location: 2F
0-1: Ball
1-1: Foul Ball, location: 2F
1-2: Strikes out swinging
Batting: SHB Luke Robbins 0-0: Ball
1-0: Called Strike
1-1: Ball
2-1: Ball
3-1: Base on Balls
Batting: LHB Bill Armijo 0-0: Called Strike
Luke Robbins steals 2nd base (no throw)
0-1: Ball
1-1: Fly out, F5 (Line Drive, 5L, EV 71.2 MPH)
Top of the 1st over - 0 runs, 0 hits, 0 errors, 1 left on base; Las Vegas 0 - Lehigh Valley 0
BOTTOM OF THE 1ST
Lehigh Valley IronPigs batting - Pitching for Las Vegas 51s : RHP Tony Castellanos
Pitching: RHP Tony Castellanos
Batting: LHB Chris Moody 0-0: Ball
1-0: Called Strike
1-1: SINGLE (Groundball, 4M, EV 98.1 MPH)
Batting: LHB Theodore Conboy 0-0: Ball
Chris Moody is caught stealing 2nd base 2-6
1-0: Ball
2-0: Ground out 4-3 (Groundball, 4, EV 99.4 MPH)
Batting: RHB Melchor Sovrivilla 0-0: Called Strike
0-1: Ground out 6-3 (Groundball, 6MD, EV 108.1 MPH)
Bottom of the 1st over - 0 runs, 1 hit, 0 errors, 0 left on base; Las Vegas 0 - Lehigh Valley 0
TOP OF THE 2ND
Las Vegas 51s batting - Pitching for Lehigh Valley IronPigs : RHP Alex Florez
Batting: SHB Justin Wallace 0-0: Ball
1-0: Ball
2-0: Ground out 4-3 (Groundball, 4, EV 86.2 MPH)
Batting: RHB Andy Carrell 0-0: Fly out, F8 (Flyball, 89M, EV 86.9 MPH)
Batting: RHB Devine Adams 0-0: Ball
1-0: Ball
2-0: SINGLE (Groundball, 56S, EV 68.8 MPH) (infield hit)
Batting: RHB Omar Novoa 0-0: Fielders Choice at 2nd, 5-4 (Groundball, 56, EV 92.5 MPH)
Top of the 2nd over - 0 runs, 1 hit, 0 errors, 1 left on base; Las Vegas 0 - Lehigh Valley 0
BOTTOM OF THE 2ND
Lehigh Valley IronPigs batting - Pitching for Las Vegas 51s : RHP Tony Castellanos
Batting: LHB Danny Hill 0-0: Ground out 1-3 (Groundball, P, EV 73.8 MPH)
Batting: SHB Josh Schultze 0-0: Foul Ball, location: 2F
0-1: Ball
1-1: Foul Ball, location: 2F
1-2: Strikes out swinging
Batting: SHB Kaname Fujimoto 0-0: Ball
1-0: Ball
2-0: Foul Ball, location: 2F
2-1: Called Strike
2-2: Ball
3-2: Base on Balls
Batting: LHB Pat Shaddock 0-0: Ball
1-0: Called Strike
1-1: Ground out 6-3 (Groundball, 6S, EV 80.6 MPH)
Bottom of the 2nd over - 0 runs, 0 hits, 0 errors, 1 left on base; Las Vegas 0 - Lehigh Valley 0
TOP OF THE 3RD
Las Vegas 51s batting - Pitching for Lehigh Valley IronPigs : RHP Alex Florez
Batting: RHB Koen van Oort 0-0: Called Strike
0-1: Ball
1-1: Fly out, F9 (Flyball, 9, EV 90.6 MPH)
Batting: RHB Billy Walker 0-0: Ground out 6-3 (Groundball, 6, EV 106.2 MPH)
Batting: RHB Mike Phillips 0-0: Ball
1-0: Ball
2-0: Ball
3-0: Called Strike
3-1: Base on Balls
Batting: SHB Luke Robbins 0-0: Ball
Wild Pitch!
Mike Phillips to second
1-0: Fly out, F7 (Flyball, 78M, EV 98.1 MPH)
Top of the 3rd over - 0 runs, 0 hits, 0 errors, 1 left on base; Las Vegas 0 - Lehigh Valley 0
BOTTOM OF THE 3RD
Lehigh Valley IronPigs batting - Pitching for Las Vegas 51s : RHP Tony Castellanos
Batting: LHB Tom Edwards 0-0: Ball
1-0: Called Strike
1-1: Ball
2-1: Ground out 6-3 (Groundball, 4M, EV 78.8 MPH)
Batting: RHB Francisco Viera 0-0: Ball
1-0: Called Strike
1-1: Fly out, F8 (Flyball, 8RM, EV 70.6 MPH)
Batting: LHB Chris Moody 0-0: Ball
1-0: SINGLE (Line Drive, 6M, EV 95.6 MPH)
Batting: LHB Theodore Conboy 0-0: Ball
1-0: Foul Ball, location: 2F
1-1: Foul Ball, location: 2F
1-2: Ground out 4-3 (Groundball, 4, EV 77.5 MPH)
Bottom of the 3rd over - 0 runs, 1 hit, 0 errors, 1 left on base; Las Vegas 0 - Lehigh Valley 0
TOP OF THE 4TH
Las Vegas 51s batting - Pitching for Lehigh Valley IronPigs : RHP Alex Florez
Batting: LHB Bill Armijo 0-0: DOUBLE (Line Drive, 5D, EV 105.0 MPH)
Batting: SHB Justin Wallace 0-0: Called Strike
0-1: Ball
1-1: Fly out, F7 (Flyball, 7LMF, EV 91.2 MPH)
Batting: RHB Andy Carrell 0-0: Ball
1-0: Called Strike
1-1: Ball
2-1: Ground out 6-3 (Groundball, 6, EV 86.2 MPH)
Bill Armijo to third
Batting: RHB Devine Adams 0-0: Ball
1-0: Ball
2-0: Ball
3-0: Base on Balls
Batting: RHB Omar Novoa 0-0: Ball
1-0: Ball
2-0: Fielders Choice at 2nd, 5-4 (Groundball, 56, EV 90.0 MPH)
Top of the 4th over - 0 runs, 1 hit, 0 errors, 2 left on base; Las Vegas 0 - Lehigh Valley 0
BOTTOM OF THE 4TH
Lehigh Valley IronPigs batting - Pitching for Las Vegas 51s : RHP Tony Castellanos
Batting: RHB Melchor Sovrivilla 0-0: Called Strike
0-1: Ball
1-1: Ground out 6-3 (Groundball, 6S, EV 86.2 MPH)
Batting: LHB Danny Hill 0-0: Called Strike
0-1: Ball
1-1: SINGLE (Line Drive, 7S, EV 110.6 MPH)
Batting: SHB Josh Schultze 0-0: Ball
Danny Hill steals 2nd, throwing error, E2
Danny Hill to third
1-0: Fly out, F6 (Line Drive, 56, EV 68.1 MPH)
Batting: SHB Kaname Fujimoto 0-0: Ball
1-0: Foul Ball, location: 2F
1-1: Fly out, F6 (Popup, 6D, EV 62.5 MPH)
Bottom of the 4th over - 0 runs, 1 hit, 1 error, 1 left on base; Las Vegas 0 - Lehigh Valley 0
TOP OF THE 5TH
Las Vegas 51s batting - Pitching for Lehigh Valley IronPigs : RHP Alex Florez
Batting: RHB Koen van Oort 0-0: Called Strike
0-1: Called Strike
0-2: Ball
1-2: Strikes out swinging
Batting: RHB Billy Walker 0-0: Foul Ball, location: 2F
0-1: Fly out, F6 (Popup, 6D, EV 56.2 MPH)
Batting: RHB Mike Phillips 0-0: Ball
1-0: Ball
2-0: Foul Ball, location: 2F
2-1: Ball
3-1: Foul Ball, location: 2F
3-2: Strikes out swinging
Top of the 5th over - 0 runs, 0 hits, 0 errors, 0 left on base; Las Vegas 0 - Lehigh Valley 0
BOTTOM OF THE 5TH
Lehigh Valley IronPigs batting - Pitching for Las Vegas 51s : RHP Tony Castellanos
Batting: LHB Pat Shaddock 0-0: Fly out, F3 (Popup, 3L, EV 70.6 MPH)
Batting: LHB Tom Edwards 0-0: Ball
1-0: DOUBLE (Line Drive, 78D, EV 110.6 MPH)
Batting: RHB Francisco Viera 0-0: Ball
1-0: Called Strike
1-1: Foul Ball, location: 2F
1-2: Fly out, F9 (Line Drive, 9, EV 93.1 MPH)
Batting: LHB Chris Moody 0-0: Called Strike
0-1: Foul Ball, location: 2F
0-2: Ball
1-2: Strikes out swinging
Bottom of the 5th over - 0 runs, 1 hit, 0 errors, 1 left on base; Las Vegas 0 - Lehigh Valley 0
TOP OF THE 6TH
Las Vegas 51s batting - Pitching for Lehigh Valley IronPigs : RHP Alex Florez
Batting: SHB Luke Robbins 0-0: Called Strike
0-1: Ground out U3 (Groundball, 3, EV 107.5 MPH)
Batting: LHB Bill Armijo 0-0: Fly out, F6 (Line Drive, 6D, EV 67.5 MPH)
Now at 2B: Jose Carlos
Now at SS: Francisco Viera
Batting: SHB Justin Wallace 0-0: Ball
1-0: Called Strike
1-1: Foul Ball, location: 2F
1-2: Ball
2-2: Ball
3-2: Base on Balls
Batting: RHB Andy Carrell 0-0: Ball
1-0: Ball
2-0: Fielders Choice at 2nd, 5-4 (Groundball, 56, EV 96.2 MPH)
Top of the 6th over - 0 runs, 0 hits, 0 errors, 1 left on base; Las Vegas 0 - Lehigh Valley 0
BOTTOM OF THE 6TH
Lehigh Valley IronPigs batting - Pitching for Las Vegas 51s : RHP Tony Castellanos
Batting: LHB Theodore Conboy 0-0: Ball
1-0: Foul Ball, location: 2F
1-1: Ball
2-1: Ball
3-1: Base on Balls
Batting: RHB Melchor Sovrivilla 0-0: Ball
Wild Pitch!
Theodore Conboy to second
1-0: Ball
2-0: Ball
3-0: Foul Ball, location: 2F
3-1: SINGLE (Line Drive, 3L, EV 98.8 MPH)
Theodore Conboy to third
Batting: LHB Danny Hill 0-0: Fielders Choice at 2nd, 4-6 (Groundball, 4M, EV 107.5 MPH)
Theodore Conboy scores
Batting: SHB Josh Schultze 0-0: Fly out, F8 (Flyball, 8LXD, EV 106.2 MPH)
Batting: SHB Kaname Fujimoto 0-0: Called Strike
0-1: Ball
1-1: Foul Ball, location: 2F
1-2: Fly out, F8 (Flyball, 8LD, EV 101.2 MPH)
Bottom of the 6th over - 1 run, 1 hit, 0 errors, 1 left on base; Las Vegas 0 - Lehigh Valley 1
TOP OF THE 7TH
Las Vegas 51s batting - Pitching for Lehigh Valley IronPigs : RHP Alex Florez
Batting: RHB Devine Adams 0-0: Ball
1-0: Ball
2-0: Foul Ball, location: 2F
2-1: Foul Ball, location: 2F
2-2: Fly out, F9 (Flyball, 9D, EV 96.2 MPH)
Batting: RHB Omar Novoa 0-0: Ball
1-0: Foul Ball, location: 2F
1-1: Ground out 5-3 (Groundball, 5, EV 86.2 MPH)
Batting: RHB Koen van Oort 0-0: Fly out, F9 (Flyball, 89D, EV 92.5 MPH)
Top of the 7th over - 0 runs, 0 hits, 0 errors, 0 left on base; Las Vegas 0 - Lehigh Valley 1
BOTTOM OF THE 7TH
Lehigh Valley IronPigs batting - Pitching for Las Vegas 51s : RHP Tony Castellanos
Batting: LHB Pat Shaddock 0-0: Ball
1-0: Called Strike
1-1: Ground out 3-1 (Groundball, 34, EV 85.6 MPH)
Batting: LHB Jose Carlos 0-0: Ball
1-0: Ball
2-0: Ball
3-0: Base on Balls
Batting: RHB Francisco Viera 0-0: Called Strike
0-1: Called Strike
Jose Carlos is caught stealing 2nd base 2-4
0-2: Ball
1-2: Ball
2-2: Ball
3-2: Foul Ball, location: 2F
3-2: Ground out 5-3 (Groundball, 5, EV 92.5 MPH)
Bottom of the 7th over - 0 runs, 0 hits, 0 errors, 0 left on base; Las Vegas 0 - Lehigh Valley 1
TOP OF THE 8TH
Las Vegas 51s batting - Pitching for Lehigh Valley IronPigs : RHP Alex Florez
Batting: RHB Billy Walker 0-0: Foul Ball, location: 2F
0-1: Called Strike
0-2: Strikes out swinging
Batting: RHB Mike Phillips 0-0: Ball
1-0: Swinging Strike
1-1: Fly out, F7 (Flyball, 7LM, EV 101.9 MPH)
Batting: SHB Luke Robbins 0-0: Ground out 6-3 (Groundball, 56, EV 88.8 MPH)
Top of the 8th over - 0 runs, 0 hits, 0 errors, 0 left on base; Las Vegas 0 - Lehigh Valley 1
BOTTOM OF THE 8TH
Lehigh Valley IronPigs batting - Pitching for Las Vegas 51s : RHP Tony Castellanos
Batting: LHB Chris Moody 0-0: Ball
1-0: Ball
2-0: Swinging Strike
2-1: Fly out, F9 (Flyball, 89S, EV 97.5 MPH)
Batting: LHB Theodore Conboy 0-0: Ball
1-0: Foul Ball, location: 2F
1-1: Called Strike
1-2: SOLO HOME RUN (Flyball, 9D, EV 97.5 MPH), Distance : 376 ft
Pitching: RHP Ryan Wilson
Batting: RHB Melchor Sovrivilla 0-0: Called Strike
0-1: Swinging Strike
0-2: Strikes out looking
Batting: LHB Danny Hill 0-0: Foul Ball, location: 2F
0-1: Ball
1-1: Ball
2-1: Swinging Strike
2-2: Strikes out looking
Bottom of the 8th over - 1 run, 1 hit, 0 errors, 0 left on base; Las Vegas 0 - Lehigh Valley 2
TOP OF THE 9TH
Las Vegas 51s batting - Pitching for Lehigh Valley IronPigs : RHP Alex Florez
Pitching: RHP Victor Hurtado
Batting: LHB Bill Armijo 0-0: Called Strike
0-1: Swinging Strike
0-2: SINGLE (Line Drive, 7S, EV 98.1 MPH)
Batting: SHB Justin Wallace 0-0: Ball
1-0: Ball
2-0: Ball
3-0: Base on Balls
Bill Armijo to second
Batting: RHB Andy Carrell 0-0: Ball
1-0: Bunted foul
1-1: Bunted foul
1-2: Fly out, F8 (Flyball, 8LD, EV 101.2 MPH)
Batting: RHB Devine Adams 0-0: Called Strike
0-1: Ball
1-1: Called Strike
1-2: Strikes out swinging
Pinch Hitting: SHB Nelson Powell 0-0: Ball
1-0: Ball
2-0: Called Strike
2-1: Foul Ball, location: 2F
2-2: Ball
3-2: Foul Ball, location: 2F
3-2: DOUBLE (Line Drive, 3D, EV 104.4 MPH)
Bill Armijo scores
Justin Wallace to third
Justin Wallace scores
Batting: RHB Koen van Oort 0-0: Called Strike
0-1: Foul Ball, location: 2F
0-2: Ball
1-2: Strikes out swinging
Top of the 9th over - 2 runs, 2 hits, 0 errors, 1 left on base; Las Vegas 2 - Lehigh Valley 2
BOTTOM OF THE 9TH
Lehigh Valley IronPigs batting - Pitching for Las Vegas 51s : RHP Ryan Wilson
Pitching: RHP Jason Vulich
Now at 3B: Elias Urbina
Batting: SHB Josh Schultze 0-0: Called Strike
0-1: Ball
1-1: Ground out 4-3 (Groundball, 4, EV 87.5 MPH)
Batting: SHB Kaname Fujimoto 0-0: Ball
1-0: Called Strike
1-1: Fly out, F7 (Flyball, 78D, EV 98.8 MPH)
Batting: LHB Pat Shaddock 0-0: Swinging Strike
0-1: Ball
1-1: Foul Ball, location: 2F
1-2: Ball
2-2: Foul Ball, location: 2F
2-2: Ball
3-2: Base on Balls
Batting: LHB Jose Carlos 0-0: Called Strike
0-1: Ball
1-1: Ball
2-1: Ball
3-1: Base on Balls
Pat Shaddock to second
Batting: RHB Francisco Viera 0-0: SINGLE (Flyball, 6D, EV 83.8 MPH)
Pat Shaddock to third
Jose Carlos to second
Runner from 3rd tries for Home, SAFE, throw by CF to home
Bottom of the 9th over - 1 run, 1 hit, 0 errors, 2 left on base; Las Vegas 2 - Lehigh Valley 3
Sunday, July 16th , 2023 - OOTP Baseball 24.6 Build 69